3R
SURPRISE SHOCKERS @ BALLARD BEAVERS
05/18/2042
 
TOP OF THE 1ST
Surprise Shockers batting - Pitching for Ballard Beavers : RHP Kjeld Burger
Pitching: RHP Kjeld Burger
Batting: LHB George Fraser 0-0: Ball
1-0: Called Strike
1-1: Called Strike
1-2: Ball
2-2: Fly out, F9 (Flyball, 9, EV 96.9 MPH)
Batting: RHB Augusto Castro 0-0: Called Strike
0-1: Ball
1-1: Foul Ball, location: 2F
1-2: Foul Ball, location: 2F
1-2: Foul Ball, location: 2F
1-2: Foul Ball, location: 2F
1-2: Fly out, F8 (Flyball, 8LM, EV 87.5 MPH)
Batting: RHB Hal Clay 0-0: Ball
1-0: Called Strike
1-1: Ball
2-1: Foul Ball, location: 2F
2-2: Foul Ball, location: 2F
2-2: Fly out, F5 (Line Drive, 5, EV 68.8 MPH)
Top of the 1st over - 0 runs, 0 hits, 0 errors, 0 left on base; Surprise 0 - Ballard 0
BOTTOM OF THE 1ST
Ballard Beavers batting - Pitching for Surprise Shockers : RHP Scott Powell
Pitching: RHP Scott Powell
Batting: LHB Shane Holman 0-0: Ground out U3 (Groundball, 34, EV 86.2 MPH)
Batting: RHB Kevin Neal 0-0: Ball
1-0: Swinging Strike
1-1: Foul Ball, location: 2F
1-2: Ball
2-2: Foul Ball, location: 2F
2-2: Fly out, F9 (Flyball, 9S, EV 94.4 MPH)
Batting: LHB Tonito Gomez 0-0: Foul Ball, location: 2F
0-1: Fly out, F8 (Flyball, 8RM, EV 79.4 MPH)
Bottom of the 1st over - 0 runs, 0 hits, 0 errors, 0 left on base; Surprise 0 - Ballard 0
TOP OF THE 2ND
Surprise Shockers batting - Pitching for Ballard Beavers : RHP Kjeld Burger
Batting: RHB Manny Inserni 0-0: Fly out, F8 (Flyball, 8LS, EV 87.5 MPH)
Batting: LHB Cory Blatchford 0-0: Ball
1-0: Ball
2-0: Called Strike
2-1: Swinging Strike
2-2: Strikes out looking
Batting: SHB Al Miller 0-0: SINGLE (Groundball, 34D, EV 97.5 MPH)
Batting: RHB Al Custello 0-0: Ball
1-0: Called Strike
1-1: Fly out, F8 (Flyball, 8RM, EV 96.9 MPH)
Top of the 2nd over - 0 runs, 1 hit, 0 errors, 1 left on base; Surprise 0 - Ballard 0
BOTTOM OF THE 2ND
Ballard Beavers batting - Pitching for Surprise Shockers : RHP Scott Powell
Batting: LHB Bill Bass 0-0: Ball
1-0: Ball
2-0: Ball
3-0: Called Strike
3-1: Foul Ball, location: 2F
3-2: Ground out U3 (Groundball, 3L, EV 88.8 MPH)
Batting: RHB Suk-jin Yi 0-0: Ball
1-0: Foul Ball, location: 2F
1-1: Ball
2-1: Called Strike
2-2: Ball
3-2: Base on Balls
Batting: RHB Barry Miller 0-0: Ball
1-0: Called Strike
1-1: SINGLE (Groundball, 25, EV 72.5 MPH) (infield hit)
Suk-jin Yi to second
Batting: RHB John Johnson 0-0: Fly out, F7 (Line Drive, 7, EV 95.6 MPH)
Batting: RHB Joon-suk Kim 0-0: Fly out, F9 (Line Drive, 9, EV 89.4 MPH)
Bottom of the 2nd over - 0 runs, 1 hit, 0 errors, 2 left on base; Surprise 0 - Ballard 0
TOP OF THE 3RD
Surprise Shockers batting - Pitching for Ballard Beavers : RHP Kjeld Burger
Batting: RHB Robbie Fisher 0-0: Fly out, F8 (Flyball, 8LS, EV 88.1 MPH)
Batting: LHB Tom Childress 0-0: Foul Ball, location: 2F
0-1: Ball
1-1: Foul Ball, location: 2F
1-2: Foul Ball, location: 2F
1-2: Ball
2-2: Strikes out swinging
Batting: LHB George Fraser 0-0: Ball
1-0: Ground out 4-3 (Groundball, 34, EV 100.0 MPH)
Top of the 3rd over - 0 runs, 0 hits, 0 errors, 0 left on base; Surprise 0 - Ballard 0
BOTTOM OF THE 3RD
Ballard Beavers batting - Pitching for Surprise Shockers : RHP Scott Powell
Batting: RHB Jim McDermott 0-0: Called Strike
0-1: Bunt for hit to 2R - play at first, batter OUT! 2-3
Batting: LHB Shane Holman 0-0: Ball
1-0: Fly out, F9 (Flyball, 9LM, EV 103.1 MPH)
Batting: RHB Kevin Neal 0-0: Foul Ball, location: 2F
0-1: DOUBLE (Flyball, 78D, EV 106.9 MPH)
Batting: LHB Tonito Gomez 0-0: Foul Ball, location: 2F
0-1: Fly out, F8 (Flyball, 78D, EV 92.5 MPH)
Bottom of the 3rd over - 0 runs, 1 hit, 0 errors, 1 left on base; Surprise 0 - Ballard 0
TOP OF THE 4TH
Surprise Shockers batting - Pitching for Ballard Beavers : RHP Kjeld Burger
Batting: RHB Augusto Castro 0-0: Ball
1-0: Ball
2-0: Called Strike
2-1: Ground out 5-3 (Groundball, 56, EV 87.5 MPH)
Batting: RHB Hal Clay 0-0: Ball
1-0: Foul Ball, location: 2F
1-1: Called Strike
1-2: Foul Ball, location: 2F
1-2: Ball
2-2: Ball
3-2: Ground out U3 (Groundball, 3, EV 88.1 MPH)
Batting: RHB Manny Inserni 0-0: Called Strike
0-1: Ground out 6-3 (Groundball, 6, EV 100.0 MPH)
Top of the 4th over - 0 runs, 0 hits, 0 errors, 0 left on base; Surprise 0 - Ballard 0
BOTTOM OF THE 4TH
Ballard Beavers batting - Pitching for Surprise Shockers : RHP Scott Powell
Batting: LHB Bill Bass 0-0: Ball
1-0: Foul Ball, location: 2F
1-1: Swinging Strike
1-2: Strikes out swinging
Batting: RHB Suk-jin Yi 0-0: Ball
1-0: Ball
2-0: Ball
3-0: Called Strike
3-1: SINGLE (Line Drive, 8RS, EV 100.6 MPH)
Batting: RHB Barry Miller 0-0: Ball
1-0: Ball
Wild Pitch!
Suk-jin Yi to second
2-0: Ball
3-0: Called Strike
3-1: Fly out, F9 (Flyball, 9D, EV 85.0 MPH)
Runner from 2nd tags up, SAFE at 3rd, no throw by RF
Batting: RHB John Johnson 0-0: Called Strike
0-1: Ball
1-1: Ball
2-1: SINGLE (Flyball, 9LS, EV 85.0 MPH)
Suk-jin Yi scores
Batting: RHB Joon-suk Kim 0-0: Swinging Strike
0-1: Ball
1-1: Ball
2-1: Ball
3-1: Called Strike
3-2: Foul Ball, location: 2F
3-2: Foul Ball, location: 2F
3-2: Base on Balls
John Johnson to second
Batting: RHB Jim McDermott 0-0: Called Strike
0-1: Ball
1-1: Fly out, F6 (Popup, 15S, EV 90.6 MPH)
Bottom of the 4th over - 1 run, 2 hits, 0 errors, 2 left on base; Surprise 0 - Ballard 1
TOP OF THE 5TH
Surprise Shockers batting - Pitching for Ballard Beavers : RHP Kjeld Burger
Batting: LHB Cory Blatchford 0-0: Called Strike
0-1: Ball
1-1: DOUBLE (Line Drive, 9LM, EV 99.4 MPH)
Batting: SHB Al Miller 0-0: Swinging Strike
0-1: Ball
1-1: Ground out 3-1 (Groundball, 3S, EV 80.0 MPH)
Cory Blatchford to third
Batting: RHB Al Custello 0-0: Ground out 6-3 (Groundball, 6, EV 78.1 MPH)
Cory Blatchford scores
Batting: RHB Robbie Fisher 0-0: Ball
1-0: Ball
2-0: Ball
3-0: Called Strike
3-1: Called Strike
3-2: Base on Balls
Batting: LHB Tom Childress 0-0: Ground out 3-1 (Groundball, 3, EV 89.4 MPH)
Top of the 5th over - 1 run, 1 hit, 0 errors, 1 left on base; Surprise 1 - Ballard 1
BOTTOM OF THE 5TH
Ballard Beavers batting - Pitching for Surprise Shockers : RHP Scott Powell
Batting: LHB Shane Holman 0-0: Swinging Strike
0-1: Ball
1-1: Swinging Strike
1-2: Strikes out looking
Batting: RHB Kevin Neal 0-0: Ball
1-0: Foul Ball, location: 2F
1-1: Ball
2-1: Ball
3-1: Fly out, F7 (Flyball, 78D, EV 85.6 MPH)
Batting: LHB Tonito Gomez 0-0: Ball
1-0: Called Strike
1-1: Ball
2-1: Ball
3-1: SINGLE (Groundball, 56D, EV 108.1 MPH)
Batting: LHB Bill Bass 0-0: Ball
1-0: Ball
2-0: Fly out, F1 (Line Drive, P, EV 66.9 MPH)
Bottom of the 5th over - 0 runs, 1 hit, 0 errors, 1 left on base; Surprise 1 - Ballard 1
TOP OF THE 6TH
Surprise Shockers batting - Pitching for Ballard Beavers : RHP Kjeld Burger
Batting: LHB George Fraser 0-0: Ball
1-0: Called Strike
1-1: Ball
2-1: Foul Ball, location: 2F
2-2: Strikes out swinging
Batting: RHB Augusto Castro 0-0: Swinging Strike
0-1: Ball
1-1: SINGLE (Line Drive, 8RS, EV 96.2 MPH)
Pitching: RHP Gregory Collins
Batting: RHB Hal Clay 0-0: Ball
1-0: Ball
2-0: DOUBLE (Line Drive, 9LS, EV 95.0 MPH)
Augusto Castro to third
Runner from 3rd tries for Home, SAFE, throw by RF to trailing runner, SAFE at third!
Batting: RHB Manny Inserni 0-0: Foul Ball, location: 2F
0-1: Swinging Strike
0-2: Foul Ball, location: 2F
0-2: Fly out, F9 (Flyball, 9D, EV 83.8 MPH)
Runner from 3rd tags up, SCORES, throw by RF
Batting: LHB Cory Blatchford 0-0: Called Strike
0-1: Ball
1-1: Ball
2-1: Swinging Strike
2-2: Strikes out swinging
Top of the 6th over - 2 runs, 2 hits, 0 errors, 0 left on base; Surprise 3 - Ballard 1
BOTTOM OF THE 6TH
Ballard Beavers batting - Pitching for Surprise Shockers : RHP Scott Powell
Pitching: RHP Josh Rainey
Batting: RHB Suk-jin Yi 0-0: Swinging Strike
0-1: SINGLE (Groundball, 56D, EV 95.6 MPH)
Batting: RHB Barry Miller 0-0: Grounds out, U3 (Groundball, 3L, EV 82.5 MPH)
Batting: RHB John Johnson 0-0: Foul Ball, location: 2F
0-1: Foul Ball, location: 2F
0-2: Strikes out swinging
Batting: RHB Joon-suk Kim 0-0: Foul Ball, location: 2F
0-1: Foul Ball, location: 2F
0-2: Ball
1-2: Ball
2-2: Ball
3-2: SINGLE (Groundball, 34D, EV 93.8 MPH)
Suk-jin Yi to third
Suk-jin Yi scores
Batting: RHB Jim McDermott 0-0: Called Strike
0-1: Ball
1-1: Called Strike
1-2: Foul Ball, location: 2F
1-2: SINGLE (Groundball, 3S, EV 67.5 MPH) (infield hit)
Joon-suk Kim to second
Batting: LHB Shane Holman 0-0: Called Strike
0-1: Ground out 4-3 (Groundball, 4S, EV 81.2 MPH)
Bottom of the 6th over - 1 run, 3 hits, 0 errors, 2 left on base; Surprise 3 - Ballard 2
TOP OF THE 7TH
Surprise Shockers batting - Pitching for Ballard Beavers : RHP Gregory Collins
Batting: SHB Al Miller 0-0: SOLO HOME RUN (Line Drive, 89XD, EV 100.0 MPH), Distance : 432 ft
Batting: RHB Al Custello 0-0: Ball
1-0: Foul Ball, location: 2F
1-1: Swinging Strike
1-2: Foul Ball, location: 2F
1-2: Ground out 5-3 (Groundball, 5S, EV 85.6 MPH)
Batting: RHB Robbie Fisher 0-0: Ground out 6-3 (Groundball, 6S, EV 83.8 MPH)
Batting: LHB Tom Childress 0-0: Reached on error, E4 (Groundball, 4S, EV 87.5 MPH)
Batting: LHB George Fraser 0-0: Ball
1-0: Swinging Strike
1-1: Ball
2-1: Called Strike
2-2: Foul Ball, location: 2F
2-2: Strikes out swinging
Top of the 7th over - 1 run, 1 hit, 1 error, 1 left on base; Surprise 4 - Ballard 2
BOTTOM OF THE 7TH
Ballard Beavers batting - Pitching for Surprise Shockers : RHP Josh Rainey
Batting: RHB Kevin Neal 0-0: Ball
1-0: Fly out, F3 (Popup, 23F, EV 91.9 MPH)
Batting: LHB Tonito Gomez 0-0: Foul Ball, location: 2F
0-1: Ball
1-1: DOUBLE (Line Drive, 9LS, EV 114.4 MPH)
Batting: LHB Bill Bass 0-0: Ball
1-0: Swinging Strike
1-1: Ball
2-1: Ball
3-1: Base on Balls
Batting: RHB Suk-jin Yi 0-0: Ball
1-0: Ball
2-0: Swinging Strike
2-1: Swinging Strike
2-2: Strikes out swinging
Batting: RHB Barry Miller 0-0: Ground out 5-3 (Groundball, 56S, EV 94.4 MPH)
Bottom of the 7th over - 0 runs, 1 hit, 0 errors, 2 left on base; Surprise 4 - Ballard 2
TOP OF THE 8TH
Surprise Shockers batting - Pitching for Ballard Beavers : RHP Gregory Collins
Batting: RHB Augusto Castro 0-0: Ground out 6-3 (Groundball, 6, EV 92.5 MPH)
Batting: RHB Hal Clay 0-0: Ball
1-0: Ball
2-0: Ball
3-0: Base on Balls
Batting: RHB Manny Inserni 0-0: Ball
1-0: Ball
2-0: Called Strike
2-1: Fielders Choice at 2nd, 5-4 (Groundball, 56S, EV 82.5 MPH)
Batting: LHB Cory Blatchford 0-0: Ball
1-0: Ball
2-0: Ball
3-0: Called Strike
3-1: Base on Balls
Manny Inserni to second
Batting: SHB Al Miller 0-0: Foul Ball, location: 2F
0-1: Fly out, F4 (Line Drive, 4, EV 70.6 MPH)
Top of the 8th over - 0 runs, 0 hits, 0 errors, 2 left on base; Surprise 4 - Ballard 2
BOTTOM OF THE 8TH
Ballard Beavers batting - Pitching for Surprise Shockers : RHP Josh Rainey
Now in LF: Juan Olivas
Batting: RHB John Johnson 0-0: Ball
1-0: Swinging Strike
1-1: Foul Ball, location: 2F
1-2: Ball
2-2: Ball
3-2: Strikes out swinging
Batting: RHB Joon-suk Kim 0-0: Called Strike
0-1: Ball
1-1: Ball
2-1: Foul Ball, location: 2F
2-2: Ball
3-2: Base on Balls
Pitching: RHP Mark Adams
Batting: RHB Jim McDermott 0-0: Swinging Strike
0-1: 2-RUN HOME RUN (Flyball, 7D, EV 106.9 MPH), Distance : 380 ft
Pitching: LHP Scott Childers
Batting: LHB Shane Holman 0-0: Ball
1-0: Fly out, F8 (Flyball, 8RXD, EV 103.1 MPH)
Batting: RHB Kevin Neal 0-0: Called Strike
0-1: Ball
1-1: Called Strike
1-2: Strikes out swinging
Bottom of the 8th over - 2 runs, 1 hit, 0 errors, 0 left on base; Surprise 4 - Ballard 4
TOP OF THE 9TH
Surprise Shockers batting - Pitching for Ballard Beavers : RHP Gregory Collins
Batting: RHB Al Custello 0-0: Ball
1-0: SOLO HOME RUN (Flyball, 7D, EV 106.9 MPH), Distance : 390 ft
Pitching: LHP Andy Dundee
Batting: RHB Robbie Fisher 0-0: Ball
1-0: Ball
2-0: Ground out 6-3 (Groundball, 6, EV 83.8 MPH)
Batting: LHB Tom Childress 0-0: Ball
1-0: Foul Ball, location: 2F
1-1: Ball
2-1: Foul Ball, location: 2F
2-2: Strikes out swinging
Batting: LHB George Fraser 0-0: Ball
1-0: Fly out, F7 (Flyball, 7LMF, EV 93.8 MPH)
Top of the 9th over - 1 run, 1 hit, 0 errors, 0 left on base; Surprise 5 - Ballard 4
BOTTOM OF THE 9TH
Ballard Beavers batting - Pitching for Surprise Shockers : LHP Scott Childers
Pitching: RHP Jayson McMasters
Batting: LHB Tonito Gomez 0-0: Called Strike
0-1: Ball
1-1: Called Strike
1-2: Foul Ball, location: 2F
1-2: Foul Ball, location: 2F
1-2: Ground out U3 (Groundball, 3L, EV 88.1 MPH)
Batting: LHB Bill Bass 0-0: Called Strike
0-1: Ball
1-1: Called Strike
1-2: Foul Ball, location: 2F
1-2: Fly out, F8 (Flyball, 8RD, EV 92.5 MPH)
Batting: RHB Suk-jin Yi 0-0: Called Strike
0-1: Ball
1-1: Ball
2-1: Swinging Strike
2-2: Strikes out swinging
Bottom of the 9th over - 0 runs, 0 hits, 0 errors, 0 left on base; Surprise 5 - Ballard 4
Friday, March 26th, 2021 - OOTP Baseball 20.8 Build 74